 Dungeon Crawl Stone Soup version 0.21.1-1-g345015f (console) character file.

115 fly the Grave Robber (level 4, 0/36 HPs)
             Began as a Deep Dwarf Necromancer on May 15, 2018.
             Slain by Duvessa
             ... wielding a +0 short sword
              (8 damage)
             ... on level 4 of the Dungeon.
             The game lasted 00:04:52 (2596 turns).

fly the Grave Robber (Deep Dwarf Necromancer)       Turns: 2596, Time: 00:04:53

Health: 0/36       AC:  2    Str: 16    XL:     4   Next: 68%
Magic:  2/8        EV: 12    Int: 16    God:
Gold:   141        SH:  0    Dex: 13    Spells: 5/9 levels left

rFire    . . .     SeeInvis .   a - +3 battleaxe
rCold    . . .     Gourm    .   (shield currently unavailable)
rNeg     . . .     Faith    .   y - +0 robe
rPois    .         Spirit   .   (no helmet)
rElec    .         Reflect  .   (no cloak)
rCorr    .         Harm     .   (no gloves)
MR       .....                  (no boots)
Stlth    ++........             (no amulet)
HPRegen  0.00/turn              j - +4 ring of strength
MPRegen  0.11/turn              (no ring)

@: non-regenerating
A: damage resistance, heal wounds, sense surroundings 1, no regeneration
a: Heal Wounds


You were on level 4 of the Dungeon.
You were hungry.

You visited 1 branch of the dungeon, and saw 4 of its levels.

You collected 141 gold pieces.

Inventory:

Hand Weapons
 a - a +3 battleaxe (weapon)
Armour
 y - a +0 robe (worn)
Jewellery
 j - a +4 ring of strength (left hand)
Scrolls
 e - a scroll of noise {unknown}
 g - 2 scrolls of magic mapping {unknown}
 h - 4 scrolls of amnesia {unknown}
 i - a scroll of immolation {unknown}
 l - 3 scrolls of identify {unknown}
 n - 2 scrolls of enchant weapon {unknown}
 o - a scroll of blinking {unknown}
 q - a scroll of fear {unknown}
Potions
 d - 2 potions of lignification {unknown}
 f - 2 potions of heal wounds {unknown}
 k - a potion of might {unknown}
 m - a potion of degeneration {unknown}
 p - a potion of cancellation {unknown}
Books
 b - a book of Necromancy

   Spells                             Type                      Level
   a - Pain                           Necromancy                   1
   b - Animate Skeleton               Necromancy                   1
   c - Vampiric Draining              Necromancy                   3
   d - Regeneration                   Charms/Necromancy            3
   e - Animate Dead                   Necromancy                   4
   f - Borgnjor's Vile Clutch         Necromancy/Earth             5
Comestibles
 c - 8 rations


   Skills:
 - Level 2.1 Dodging
 - Level 2.4 Stealth
 - Level 3.0 Spellcasting
 + Level 5.9 Necromancy


You had 5 spell levels left.
You knew the following spells:

 Your Spells              Type           Power        Failure   Level  Hunger
v - Vampiric Draining     Necr           ###.......   4%          3    ###....
z - Pain                  Necr           ###.         1%          1    #......


Dungeon Overview and Level Annotations

Branches:
Dungeon (4/15)
 Temple: D:4-7

Altars:
Ashenzari
Sif Muna

Shops:
D:4 %}

Annotations:
D:3 Grinder
D:4 Dowan, Duvessa


Innate Abilities, Weirdness & Mutations

You are resistant to damage.
You can heal yourself by infusing magical energy.
You passively map a small area around you.
You do not regenerate.


Message History

Confirm with . or Enter, or press ? or * to list all spells.
Aiming: Vampiric Draining
Press: ? - help, Shift-Dir - straight line, f - Duvessa
Aim: Duvessa, wielding a short sword and wearing a runed ring mail (fast) Duvessa is moderately wounded.
You feel life coursing into your body. Duvessa hits you with a short sword!
* * * LOW HITPOINT WARNING * * *
Dowan mumbles some strange words.
Dowan blinks!
Casting: Vampiric Draining
Confirm with . or Enter, or press ? or * to list all spells.
Aiming: Vampiric Draining
Press: ? - help, Shift-Dir - straight line, f/p - Duvessa
Aim: Duvessa, wielding a short sword and wearing a runed ring mail (moderately wounded, fast) Duvessa is heavily wounded.
You feel life coursing into your body.
You are feeling hungry.
Duvessa gestures with her weapon.
Duvessa hits you with a short sword!
You die...

#........#### ###..
#...........# ... .
#.(.......#.###)##....
#######...........e.........
#.....#....ยง#######'#######.
#.....#.....# #.#
#.....#.....# #####.#####
#.....##'##e# #...'.'...# ,
#.....'.>..@# #.###.###.# *,
#.....#.....# #.# #.# #.#
#.....#.###.###'###.###'###,
####+#......'.............+
#.#.###..###+###.###'###
#........# #.# #.# #.#
##########.##...# #.###.###.#
, #..........##.#.#
#...'.'...# *
#.####.....##.#.# #####.#####


You could see Duvessa.

Vanquished Creatures
  4 adders (D:3)
  An ooze (D:2)
  2 worms
  A dart slug (D:1)
  2 leopard geckos
  7 orcs (D:3)
  6 bats
  A giant cockroach (D:3)
  5 goblins
  6 hobgoblins
  3 jackals (D:1)
  3 quokkas (D:2)
  A ball python (D:3)
  3 frilled lizards
  8 kobolds
  4 rats
57 creatures vanquished.

Notes
Turn   | Place    | Note
-------+----------+-------------------------------------------
     0 | D:1      | fly the Deep Dwarf Necromancer began the quest for the Orb.
     0 | D:1      | Reached XP level 1. HP: 15/15 MP: 3/3
   165 | D:1      | Reached XP level 2. HP: 22/22 MP: 0/5
   714 | D:2      | Found a deep blue altar of Sif Muna.
   850 | D:2      | Reached XP level 3. HP: 25/28 MP: 4/6
   902 | D:2      | Reached skill level 5 in Necromancy
   925 | D:2      | Found a shattered altar of Ashenzari.
  1757 | D:3      | Reached XP level 4. HP: 19/36 MP: 0/8
  1762 | D:3      | Learned a level 3 spell: Vampiric Draining
  2234 | D:3      | Noticed Grinder
  2343 | D:3      | Paralysed by Grinder for 6 turns
  2426 | D:4      | Found Plog's Food Boutique.
  2536 | D:4      | Found Caur's Gadget Emporium.
  2577 | D:4      | Noticed Duvessa
  2578 | D:4      | Noticed Dowan
  2596 | D:4      | Slain by Duvessa

Skill      XL: |  1  2  3  4 |
---------------+-------------+-----
Spellcasting   | 2 3 |  3.0
Necromancy     | 5 |  5.9
Dodging        | |  2.1
Stealth        | |  2.4

Action                   |  1- 3 |  4- 6 || total
-------------------------+-------+-------++-------
Melee: Unarmed           |     9 |    12 ||    21
       Battleaxe         |       |     3 ||     3
 Cast: Pain              |    82 |    12 ||    94
       Vampiric Draining |       |    15 ||    15
 Stab: Sleeping          |       |     1 ||     1
  Eat: Chunk             |     3 |     4 ||     7
Armor: Robe              |     2 |     4 ||     6
Dodge: Dodged            |    12 |    19 ||    31
